 Dungeon Crawl Stone Soup version 0.23-a0-573-g25f4479 (webtiles) character file.

1192 CougarLife the Grappler (level 8, 0/75 HPs)
             Began as a Troll Monk on Dec 13, 2018.
             Was a Follower of Ru.
             Slain by a wight
             ... wielding a +2 halberd
              (9 damage)
             ... on level 6 of the Dungeon.
             The game lasted 00:07:02 (4599 turns).

CougarLife the Grappler (Troll Monk)                Turns: 4599, Time: 00:07:03

Health: 0/75       AC:  6    Str: 21    XL:     8   Next: 20%
Magic:  7/7        EV: 12    Int:  7    God:    Ru [*.....]
Gold:   286        SH:  0    Dex: 12    Spells: 7/7 levels left

rFire    . . .     SeeInvis .     - Unarmed
rCold    . . .     Gourm    +   (no shield)
rNeg     . . .     Faith    .   a - +0 robe
rPois    .         Spirit   .   (helmet restricted)
rElec    .         Reflect  .   w - +0 cloak
rCorr    .         Harm     .   (gloves unavailable)
MR       .....                  (boots unavailable)
Stlth    +.........             (no amulet)
HPRegen  0.62/turn              (no ring)
MPRegen  0.10/turn              (no ring)

@: drained
A: large, unfitting armour, claws 3, fast metabolism 3, gourmand, regeneration
1, shaggy fur 1, tough skin 2, no hexes magic, no poison magic, no
translocations magic
a: Sacrifice Purity, Sacrifice Health, Sacrifice Stealth, Reject Sacrifices,
Renounce Religion


You were on level 6 of the Dungeon.
You worshipped Ru.
Ru was aware of your devotion.
You were very full.

You visited 1 branch of the dungeon, and saw 6 of its levels.

You collected 286 gold pieces.

Inventory:

Missiles
 f - 2 throwing nets (quivered)
Armour
 a - a +0 robe (worn)
 w - a +0 cloak (worn)
Jewellery
 j - an uncursed ring of magical power {unknown}
 k - a +2 ring of intelligence {unknown}
 y - an uncursed amulet of rage {unknown}
 A - a cursed ring of attention {unknown}
 C - an uncursed ring of protection from cold {unknown}
Wands
 z - a wand of random effects (19)
Scrolls
 c - a scroll of magic mapping {unknown}
 d - a scroll of remove curse {unknown}
 e - 2 scrolls of random uselessness
 i - 2 scrolls of amnesia
 q - 3 scrolls of blinking
 r - 3 scrolls of teleportation
 s - a scroll of enchant armour {unknown}
 t - a scroll of fog {unknown}
 u - a scroll of fear {unknown}
 v - a scroll of noise {unknown}
Potions
 h - 2 potions of lignification {unknown}
 l - a potion of might {unknown}
 m - a potion of agility {unknown}
 n - a potion of heal wounds {unknown}
 o - 2 potions of brilliance {unknown}
 p - 3 potions of curing {unknown}
 x - a potion of flight {unknown}
 B - a potion of degeneration {unknown}
 D - a potion of cancellation {unknown}
Comestibles
 b - 9 rations


   Skills:
 - Level 3.0(2.5) Fighting
 - Level 5.3(4.7) Dodging
 - Level 1.0(0.5) Stealth
 + Level 8.3(7.7) Unarmed Combat


You had 7 spell levels left.
You didn't know any spells.
Your spell library was empty.

Dungeon Overview and Level Annotations

Branches:
Dungeon (6/15)
 Temple: D:4-7

Altars:
Hepliaklqana
Nemelex Xobeh
Ru
Sif Muna
Wu Jian
Yredelemnul


Innate Abilities, Weirdness & Mutations

You are too large for most types of armour.
You have claws for hands.
Your metabolism is lightning-fast.
You like to eat raw meat.
Your natural rate of healing is unusually fast.
You are covered in fur. (AC +1)
You have very tough skin. (AC +2)
You cannot study or cast Hexes magic.
You cannot study or cast Poison magic.
You cannot study or cast Translocations magic.


Message History

You feel a bit more experienced. The wight barely misses you.
The wight hits you but does no damage. The wight hits you with a +0 trident.
* * * LOW HITPOINT WARNING * * *
You feel drained.
* * * LOW HITPOINT WARNING * * *
Items here: )) [[ ††† Unknown command.
You scratch the wight.
The wight is moderately damaged.
The wight hits you with a +2 halberd.
* * * LOW HITPOINT WARNING * * *
You feel drained.
* * * LOW HITPOINT WARNING * * *
You closely miss the wight.
The wight is moderately damaged.
The wight hits you with a +0 trident.
* * * LOW HITPOINT WARNING * * *
The wight hits you with a +2 halberd!
You die...

######## ## #......# #..
......## #.![ ......
#.... ....# #.....
.z.###### #.....
#zz≈≈≈≈≈≈ ###### #@# ###
.######)########.#######
>.......(...............
#.....)....#####.#######
#.....#....# ###.####
......+....# #......##
......#...## #.......###
..... #...# #.......'.#
..... ##### #.......#.#


You could see 3 wights.

Vanquished Creatures
  Duvessa (D:5)
  An orc warrior (D:6)
  A centaur (D:6)
  2 scorpions (D:4)
  Dowan (D:5)
  2 crimson imps (D:5)
  A quasit (D:6)
  2 bullfrog zombies (D:5)
  A hound (D:5)
  2 orc priests
  4 orc wizards
  A bullfrog skeleton (D:5)
  An iguana (D:5)
  Terence (D:3)
  6 worker ants
  A worker ant zombie (D:5)
  7 adders
  An ooze (D:2)
  2 adder zombies (D:5)
  A worm (D:2)
  4 dart slugs
  5 leopard geckos
  16 orcs
  7 goblins
  6 hobgoblins
  2 quokkas
  10 bats
  4 frilled lizards
  10 kobolds
  A leopard gecko skeleton (D:4)
  6 rats
110 creatures vanquished.

Notes
Turn   | Place    | Note
-------+----------+-------------------------------------------
     0 | D:1      | CougarLife the Troll Monk began the quest for the Orb.
     0 | D:1      | Reached XP level 1. HP: 22/22 MP: 0/0
   229 | D:1      | Reached XP level 2. HP: 29/29 MP: 1/1
   503 | D:1      | Reached XP level 3. HP: 37/37 MP: 2/2
   748 | D:1      | Noticed an ogre
   748 | D:1      | Noticed an ogre
   748 | D:1      | Noticed an ogre
   754 | D:1      | Noticed an ogre
  1181 | D:2      | Reached XP level 4. HP: 31/45 MP: 3/3
  1182 | D:2      | Found an ornate altar of the Wu Jian Council.
  1718 | D:3      | Reached XP level 5. HP: 32/53 MP: 4/4
  2065 | D:3      | Noticed Terence
  2082 | D:3      | Killed Terence
  2523 | D:4      | Found a sparkling altar of Nemelex Xobeh.
  2537 | D:4      | Found a basalt altar of Yredelemnul.
  2537 | D:4      | Found a sacrificial altar of Ru.
  2541 | D:4      | Became a worshipper of Ru the Awakened
  2558 | D:4      | Gained mutation: You cannot study or cast Poison magic. [Ru
                  | sacrifice]
  2558 | D:4      | Gained mutation: You cannot study or cast Hexes magic. [Ru
                  | sacrifice]
  2558 | D:4      | Gained mutation: You cannot study or cast Translocations
                  | magic. [Ru sacrifice]
  2558 | D:4      | Reached * piety under Ru
  2690 | D:4      | Reached skill level 5 in Dodging
  2757 | D:4      | Reached XP level 6. HP: 61/61 MP: 5/5
  2869 | D:4      | Found a hazy altar of Hepliaklqana.
  3032 | D:4      | Reached skill level 4 in Unarmed Combat
  3274 | D:5      | Entered Level 5 of the Dungeon
  3538 | D:5      | Reached skill level 5 in Unarmed Combat
  3568 | D:5      | Reached XP level 7. HP: 67/67 MP: 6/6
  3660 | D:5      | Noticed Dowan
  3661 | D:5      | Noticed Duvessa
  3667 | D:5      | Killed Dowan
  3682 | D:5      | Killed Duvessa
  3682 | D:5      | Reached skill level 6 in Unarmed Combat
  3917 | D:5      | Reached skill level 7 in Unarmed Combat
  4075 | D:5      | Found a deep blue altar of Sif Muna.
  4580 | D:6      | Reached XP level 8. HP: 58/75 MP: 7/7
  4593 | D:6      | Reached skill level 8 in Unarmed Combat
  4599 | D:6      | Slain by a wight

Vault maps used:
D:1:      erik_arrival_cave_to_civilisation
D:2:      marbit_many_paths, serial_rivers, chequers_serial_rivers_small_3,
          chequers_serial_rivers_micro_c, chequers_serial_rivers_marsh,
          chequers_serial_rivers_small_a, chequers_serial_rivers_micro_d,
          chequers_serial_rivers_micro_c, minmay_splitting_lines
D:3:      first_ration, uniq_terence
D:4:      minitemple, lemuel_coloured_pillars_altar,
          chequers_hall_statues_corner_a
D:5:      minmay_chambers_of_threes, basic_altar, nicolae_underground_beach,
          uniq_duvessa
D:6:      kennysheep_mini_moat, portal_sewer_entry_d

Skill      XL: |  1  2  3  4  5  6  7  8 |
---------------+-------------------------+-----
Fighting       | 3 |  3.0
Dodging        | 3 4 5 |  5.3
Unarmed Combat | 5 7 8 |  8.3
Stealth        | |  1.0

Action                   |  1- 3 |  4- 6 |  7- 9 || total
-------------------------+-------+-------+-------++-------
Melee: Unarmed           |   105 |   159 |    84 ||   348
       Punch             |     2 |     1 |     2 ||     5
Invok: Sacrifice Arcana  |       |     1 |       ||     1
  Use: Scroll            |       |       |     5 ||     5
 Stab: Sleeping          |     3 |     1 |       ||     4
  Eat: Chunk             |    16 |    22 |     8 ||    46
Armor: Robe              |    47 |    29 |    18 ||    94
Dodge: Dodged            |    58 |    92 |    58 ||   208

Table legend:
 A = Non-vault XP
 B = Vault XP
 C = Vault XP percentage of total XP
 D = Non-vault monster count
 E = Vault monster count
 F = Vault count percentage of total count
                 A         B        C        D         E       F
            +---------+---------+-------+---------+---------+-------
      Total |    1211 |     493 |  28.9 |      94 |      16 |  14.5
            +---------+---------+-------+---------+---------+-------
        D:1 |      41 |       5 |  10.9 |      23 |       2 |   8.0
        D:2 |      69 |      13 |  15.9 |      22 |       1 |   4.3
        D:3 |     128 |      36 |  22.0 |      17 |       1 |   5.6
        D:4 |     283 |       0 |   0.0 |      10 |       0 |   0.0
        D:5 |     326 |     425 |  56.6 |      15 |      11 |  42.3
        D:6 |     364 |      14 |   3.7 |       7 |       1 |  12.5
            +---------+---------+-------+---------+---------+-------
